Map: Bel'Shir Vestige LE (Void)

Players

Nerchio

  • Race: Zerg Zerg
  • Spawn Location: 5:00

Neeb - Winner!

  • Race: Protoss Protoss
  • Spawn Location: 11:00

Event: WCS Austin 2017

VOD

Have the link to the VOD?

Description

Time

  • Played on: April 30, 2017, 4:05 p.m.
  • Length: 14:58

All games in this series

Show
View Real Time Build Order
Export as new Build Order

Nerchio Zerg 

Build Orders: Hatch First 

Get SALT Encoding   

  12  0:00  Drone  
  13  0:12  Overlord  
  13  0:17  Drone  
  14  0:30  Drone x2  
  14  0:34  Drone  
  18  0:50  Drone  
  18  0:56  Hatchery  
  17  0:57  Extractor  
  17  0:59  Drone  
  17  1:12  Spawning Pool  
  17  1:17  Drone  
  17  1:20  Drone  
  18  1:27  Drone  
  19  1:38  Overlord  
  19  1:49  Drone  
  20  1:59  Queen, Metabolic Boost  
  22  2:03  Zergling x2  
  22  2:08  Queen  
  25  2:09  Drone  
  25  2:13  Drone  
  27  2:19  Drone  
  28  2:23  Zergling x2  
  29  2:35  Hatchery  
  28  2:38  Drone  
  28  2:40  Drone  
  30  2:46  Drone  
  30  2:47  Drone  
  32  2:52  Queen  
  32  2:57  Overlord  
  33  3:01  Drone  
  33  3:03  Drone  
  35  3:15  Drone x5  
  35  3:16  Drone x2  
  35  3:19  Drone  
  43  3:28  Overlord  
  43  3:33  Overlord  
  43  3:35  Overlord  
  43  3:38  Spore Crawler  
  42  3:45  Spore Crawler  
  42  3:47  Drone x5  
  46  3:51  Drone  
  47  3:56  Roach Warren  
  47  4:02  Zergling x2  
  47  4:03  Zergling x8  
  47  4:05  Zergling x2  
  47  4:07  Zergling x2  
  53  4:11  Queen  
  53  4:15  Spore Crawler  
  54  4:19  Zergling x6  
  57  4:25  Zergling x8  
  57  4:27  Drone  
  57  4:30  Drone  
  62  4:31  Drone x2  
  62  4:32  Drone  
  62  4:37  Zergling x4  
  63  4:46  Drone x3  
  62  4:53  Lair  
  62  4:54  Drone  
  62  4:55  Drone  
  62  4:57  Drone  
  65  5:01  Extractor  
  65  5:03  Drone  
  65  5:08  Overlord  
  64  5:15  Roach x2  
  64  5:18  Overlord  
  65  5:29  Drone x8  
  65  5:30  Evolution Chamber  
  65  5:33  Overlord  
  65  5:34  Overlord  
  72  5:43  Roach x4, Hatchery  
  72  5:45  Roach  
  72  5:49  Overlord  
  81  5:54  Extractor  
  81  5:55  Drone x3, Extractor  
  81  5:56  Hydralisk Den  
  81  5:57  Drone  
  81  5:58  Drone  
  81  6:00  Glial Reconstitution  
  83  6:04  Drone x2  
  83  6:07  Zerg Missile Weapons Level 1  
  85  6:17  Drone x4  
  85  6:18  Drone x4, Extractor x2  
  92  6:19  Drone  
  92  6:23  Overlord  
  92  6:27  Roach x2  
  92  6:28  Roach x2  
  92  6:31  Overlord  
  100  6:33  Overlord  
  100  6:35  Overlord  
  100  6:37  Roach  
  102  6:45  Roach x2  
  102  6:46  Roach x2  
  110  6:49  Overlord  
  110  6:52  Roach x2  
  114  6:56  Ravager  
  114  6:59  Roach  
  116  7:03  Roach  
  116  7:04  Roach  
  116  7:06  Roach  
  116  7:08  Roach  
  124  7:10  Roach  
  124  7:15  Roach x2  
  128  7:18  Roach  
  128  7:21  Roach x2  
  128  7:22  Overlord  
  134  7:27  Roach x4  
  134  7:28  Zergling x6  
  145  7:30  Hatchery  
  145  7:34  Roach x2  
  146  7:38  Overlord  
  146  7:41  Overlord  
  146  7:44  Overlord  
  143  7:51  Ravager  
  143  7:53  Overlord x2  
  143  7:55  Overlord  
  144  8:02  Zerg Missile Weapons Level 2  
  144  8:03  Drone x2  
  144  8:05  Ravager x4  
  150  8:06  Roach x2  
  150  8:08  Roach  
  150  8:09  Roach  
  150  8:11  Overlord  
  158  8:13  Roach x2  
  158  8:17  Drone  
  158  8:18  Roach x2  
  167  8:20  Zergling x2  
  167  8:21  Zergling x2  
  160  8:35  Drone x6  
  160  8:37  Roach x5  
  160  8:39  Ravager  
  160  8:40  Ravager x2  
  160  8:41  Roach  
  179  8:44  Roach x2  
  183  8:53  Pneumatized Carapace  
  183  8:55  Roach x3  
  189  9:03  Zergling x16  
  189  9:07  Overlord  
  196  9:12  Roach x3  
  195  9:23  Roach  
  172  9:27  Roach x5  
  160  9:34  Drone x4  
  164  9:40  Ravager x6  
  164  9:41  Drone x2  
  164  9:46  Drone x3  
  164  9:50  Drone x2  
  164  9:51  Drone  
  168  9:53  Ravager x3  
  168  9:55  Roach  
  168  10:14  Roach  
  168  10:15  Roach x3  
  175  10:21  Hatchery  
  174  10:38  Roach x10  
  193  10:52  Roach x3  
  193  10:53  Roach x2, Hatchery  
  198  11:05  Hydralisk  
  198  11:06  Baneling Nest  
  198  11:07  Zerg Ground Armor Level 1  
  198  11:09  Overlord  
  180  11:35  Hydralisk x2  
  180  11:36  Hydralisk x9  
  194  11:41  Hydralisk  
  177  11:47  Hydralisk x2  
  177  11:49  Evolution Chamber  
  177  11:51  Zergling x2  
  177  11:52  Zergling x4  
  179  11:57  Zergling x2  
  169  12:11  Roach  
  169  12:12  Roach x7  
  169  12:15  Queen  
  142  12:16  Roach x2  
  142  12:21  Ravager x7  
  142  12:22  Baneling x3  
  155  12:23  Baneling  
  155  12:25  Zergling x8  
  155  12:29  Zergling x6  
  162  12:30  Zergling x2  
  162  12:33  Zerg Melee Weapons Level 1  
  162  12:34  Zergling x2  
  164  12:41  Zergling x10  
  162  12:54  Muscular Augments  
  151  13:01  Hydralisk x4  
  151  13:03  Hydralisk  
  151  13:05  Hydralisk x2  
  158  13:08  Zergling x4  
  158  13:10  Zergling x4  
  161  13:12  Zergling x2  
  161  13:13  Zergling x2  
  161  13:18  Zergling x8  
  160  13:23  Zergling x6  
  150  13:36  Centrifical Hooks  
  150  13:37  Baneling x2  
  150  13:38  Baneling x6  
  146  13:43  Roach  
  146  13:45  Roach  
  150  13:50  Roach  
  150  13:51  Roach  
  150  13:54  Roach  
  154  13:57  Roach  
  154  14:02  Roach x2  
  160  14:05  Zergling x2  
  160  14:06  Zergling x2  
  160  14:08  Zergling x2  
  160  14:09  Zergling x2  
  164  14:16  Baneling x8  
  164  14:17  Baneling  
  164  14:22  Zergling x6  
  164  14:25  Zergling x2  
  164  14:26  Zergling x2  
  164  14:30  Baneling x5  
Show
View Real Time Build Order
Export as new Build Order

Neeb Protoss - Winner!

Build Orders: 1 Gate Expand, Oracle Opening, Phoenix Opening 

Get SALT Encoding   

  12  0:00  Probe (Chrono Boost)  
  13  0:11  Probe (Chrono Boost)  
  14  0:19  Pylon  
  14  0:22  Probe (Chrono Boost)  
  15  0:37  Probe (Chrono Boost)  
  15  0:40  Gateway  
  16  0:48  Probe (Chrono Boost)  
  16  0:49  Assimilator  
  17  0:58  Probe (Chrono Boost)  
  18  1:09  Probe (Chrono Boost)  
  19  1:21  Nexus  
  19  1:24  Probe (Chrono Boost)  
  20  1:33  Cybernetics Core  
  20  1:36  Probe (Chrono Boost)  
  21  1:42  Assimilator  
  22  1:47  Probe (Chrono Boost)  
  22  1:50  Pylon  
  22  1:57  Probe (Chrono Boost)  
  23  2:06  Adept  
  24  2:09  Probe (Chrono Boost)  
  24  2:10  Warp Gate  
  26  2:21  Probe (Chrono Boost)  
  27  2:33  Probe (Chrono Boost)  
  27  2:34  Probe (Chrono Boost)  
  27  2:35  Stargate  
  29  2:38  Adept  
  32  2:44  Probe (Chrono Boost)  
  32  2:46  Probe (Chrono Boost)  
  33  2:54  Probe (Chrono Boost)  
  33  2:57  Probe (Chrono Boost)  
  35  3:05  Probe (Chrono Boost), Adept  
  38  3:07  Probe (Chrono Boost)  
  39  3:13  Gateway  
  39  3:15  Probe (Chrono Boost), Gateway  
  39  3:19  Oracle  
  40  3:21  Pylon  
  40  3:23  Probe (Chrono Boost)  
  40  3:26  Probe (Chrono Boost)  
  46  3:35  Probe (Chrono Boost)  
  46  3:36  Pylon  
  47  3:42  Mothership Core (Chrono Boost)  
  47  3:47  Probe (Chrono Boost)  
  49  3:52  Phoenix  
  51  3:59  Probe (Chrono Boost)  
  51  4:01  Probe (Chrono Boost)  
  53  4:04  Pylon  
  53  4:07  Pylon  
  53  4:12  Adept x3  
  53  4:13  Probe (Chrono Boost)  
  53  4:15  Probe (Chrono Boost)  
  62  4:24  Probe (Chrono Boost)  
  62  4:28  Nexus  
  62  4:31  Probe (Chrono Boost)  
  63  4:35  Probe (Chrono Boost)  
  63  4:37  Assimilator  
  64  4:38  Assimilator, Robotics Facility  
  64  4:43  Probe (Chrono Boost)  
  64  4:45  Probe (Chrono Boost)  
  66  4:50  Adept  
  66  4:51  Sentry, Adept  
  60  4:54  Pylon  
  60  4:55  Probe (Chrono Boost)  
  60  4:56  Probe (Chrono Boost)  
  62  5:04  Forge  
  62  5:05  Twilight Council  
  63  5:08  Probe x2 (Chrono Boost)  
  64  5:15  Sentry  
  64  5:19  Probe (Chrono Boost)  
  64  5:20  Probe (Chrono Boost), Pylon  
  68  5:24  Protoss Ground Weapons Level 1, Adept x2  
  72  5:29  Immortal, Probe (Chrono Boost)  
  72  5:33  Resonating Glaives  
  72  5:35  Probe (Chrono Boost)  
  78  5:36  Pylon  
  78  5:41  Probe (Chrono Boost)  
  80  5:43  Probe (Chrono Boost)  
  80  5:50  Gateway  
  80  5:52  Gateway  
  80  5:55  Gateway  
  80  5:56  Sentry  
  82  6:04  Immortal  
  82  6:06  Gateway  
  82  6:10  Gateway  
  86  6:13  Gateway  
  86  6:17  Probe (Chrono Boost)  
  86  6:18  Probe x2 (Chrono Boost)  
  89  6:24  Pylon  
  89  6:27  Sentry x2, Adept  
  95  6:38  Warp Prism  
  95  6:41  Pylon  
  95  6:43  Pylon  
  97  6:47  Pylon  
  97  6:48  Pylon  
  97  6:49  Adept x3  
  97  6:50  Pylon  
  97  6:52  Sentry  
  97  6:53  Adept  
  107  7:03  Protoss Ground Weapons Level 2  
  104  7:11  Probe x3 (Chrono Boost)  
  104  7:15  Adept x8  
  124  7:23  Probe x3 (Chrono Boost)  
  122  7:35  Probe x2 (Chrono Boost), Immortal, Adept  
  122  7:36  Adept  
  127  7:39  Probe (Chrono Boost)  
  131  7:47  Probe (Chrono Boost)  
  132  8:01  Adept x9  
  152  8:06  Assimilator, Probe x2 (Chrono Boost)  
  152  8:07  Assimilator  
  152  8:12  Observer  
  152  8:14  Probe (Chrono Boost)  
  152  8:18  Robotics Bay  
  155  8:20  Probe (Chrono Boost)  
  155  8:23  Probe (Chrono Boost)  
  155  8:26  Probe (Chrono Boost)  
  157  8:33  Observer  
  155  8:38  Blink  
  152  8:42  Robotics Facility  
  152  8:50  Adept x6  
  152  8:53  Pylon  
  164  8:56  Pylon  
  164  8:57  Pylon, Photon Cannon  
  164  8:58  Pylon, Photon Cannon  
  164  9:00  Pylon  
  164  9:01  Pylon  
  164  9:06  Disruptor  
  164  9:15  Adept x6  
  161  9:36  Adept x7  
  161  9:37  Disruptor  
  175  9:41  Disruptor  
  156  10:07  Protoss Ground Weapons Level 3  
  156  10:08  Disruptor  
  156  10:13  Nexus  
  153  10:15  Pylon  
  153  10:17  Disruptor  
  156  10:21  Stalker x3  
  156  10:22  Stalker x2  
  164  10:39  Disruptor  
  164  10:42  Adept x2  
  166  10:43  Adept x2  
  175  10:54  Disruptor  
  170  11:02  Assimilator  
  170  11:03  Probe x2 (Chrono Boost)  
  173  11:04  Probe (Chrono Boost)  
  173  11:06  Adept x4  
  173  11:07  Assimilator, Adept x2  
  173  11:10  Photon Cannon  
  185  11:11  Adept x2  
  185  11:12  Photon Cannon  
  185  11:14  Photon Cannon  
  177  11:40  Stalker x8  
  190  11:58  Stalker  
  192  12:04  Nexus  
  175  12:16  Stalker  
  175  12:17  Stalker x7  
  191  12:23  Pylon  
  191  12:29  Disruptor  
  194  12:44  Adept x3  
  188  13:00  Disruptor  
  188  13:05  Disruptor  
  193  13:07  Adept  
  193  13:09  Adept x2  
  185  13:32  Disruptor  
  183  14:02  Disruptor  
  183  14:03  Disruptor, Pylon  
  183  14:06  Dark Shrine  
  183  14:07  Assimilator  
  183  14:08  Pylon  
  189  14:12  Adept x3  
  189  14:13  Adept  
  148  14:54  Stalker x9  
Tags
 
Add a new tag
Caveats
  • Supply blocks, unpowered buildings, or Contaminate may cause inaccurate times.
  • Supply counts are checked every 10 seconds.